 Dungeon Crawl Stone Soup version 0.18-a0-1788-g92de1ac (webtiles) character file.

32 graki42 the Sneak (level 3, 0/24 HPs)
             Began as a Halfling Assassin on Apr 19, 2016.
             Hit by a goblin thrown by Robin (1 damage)
             ... on level 2 of the Dungeon.
             The game lasted 00:03:32 (1350 turns).

graki42 the Sneak (Halfling Assassin)               Turns: 1350, Time: 00:03:33

Health: 0/24       AC:  4    Str: 11    XL:     3   Next: 42%
Magic:  3/3        EV: 14    Int: 10    God:
Gold:   70         SH:  0    Dex: 16    Spells: 0 memorised, 2 levels left

rFire  . . .     SeeInvis .     a - +2 dagger
rCold  . . .     Gourm    .     c - +0 robe
rNeg   . . .     Faith    .     (shield restricted)
rPois  .         Spirit   .     (no helmet)
rElec  .         Dismiss  +     d - +0 cloak
rCorr  .         Reflect  .     (no gloves)
SustAt .         Harm     .     k - +0 pair of boots
MR     .....                    j - amulet of dismissal
Stlth  +++.......               (no ring)
                                (no ring)

@: not resistant to hostile enchantments, fairly stealthy
A: mutation resistance 1
a: no special abilities


You were on level 2 of the Dungeon.
You were not hungry.

You visited 1 branch of the dungeon, and saw 2 of its levels.

You collected 70 gold pieces.

Inventory:

Hand Weapons
 a - a +2 dagger (weapon)
 b - a +0 blowgun
Missiles
 e - 8 poisoned needles
 f - 2 curare-tipped needles
Armour
 c - a +0 robe (worn)
 d - a +0 cloak (worn)
 k - a +0 pair of boots (worn)
Jewellery
 j - an amulet of dismissal (around neck)
Scrolls
 i - a scroll of magic mapping {unknown}
 n - a scroll of amnesia {unknown}
 p - a scroll of teleportation {unknown}
 q - a scroll of remove curse {unknown}
Potions
 h - a potion of might {unknown}
 m - 2 potions of curing {unknown}
 s - a potion of experience {unknown}
Comestibles
 g - a bread ration
 l - 2 meat rations
 o - 2 beef jerkies
 r - a chunk of flesh


   Skills:
 + Level 1.9 Fighting
 + Level 2.8 Short Blades
 + Level 2.5 Throwing
 + Level 1.2 Dodging
 + Level 5.3 Stealth


You had 2 spell levels left.
You didn't know any spells.

Dungeon Overview and Level Annotations

Branches:
Dungeon (2/15)

Altars:

Annotations:
D:2 Robin


Innate Abilities, Weirdness & Mutations

You are small and have problems with some larger weapons.
You are somewhat resistant to further mutation.


Message History

You hit the hobgoblin.
The hobgoblin is almost dead.
The goblin moves out of view.
The hobgoblin barely misses you. The hobgoblin misses you.
A goblin comes into view. It is wielding a club.
You hit the hobgoblin.
You kill the hobgoblin!
The bat misses you.
The goblin moves out of view.
The hobgoblin hits you.
* * * LOW HITPOINT WARNING * * *
Your amulet of dismissal vibrates suddenly!
The hobgoblin disappears!
The hobgoblin hits you.
* * * LOW HITPOINT WARNING * * *
Robin roars a battlecry!
The goblin goes into a battle-frenzy!
The bat misses you. The bat barely misses you.
You barely miss the bat. The bat hits you but does no damage.
The bat hits you but does no damage.
The hobgoblin hits you but does no damage.
Robin throws the goblin at you!
You die...

..#.......#..
#.#.......#.#####
#!#.......#.##..
#.#.(.....#.##.#
#.#.##.#..#.##.##
.###.#)#.............###
.......................###
####..##.##.#..###........
#..##g@gb...###.......#
#.g.g.#...####........#
....#.####.#.<...........#
. # .....####........#
##... ####...... ...#
##.##.# ...# #.# .. ...#
#.# # #.####


You could see Robin, a hobgoblin, 2 goblins and a bat.

Vanquished Creatures
  2 dart slugs (D:2)
  A giant gecko (D:1)
  A giant cockroach (D:2)
  8 goblins
  2 hobgoblins
  4 bats
  4 kobolds (D:1)
  3 rats
25 creatures vanquished.

Notes
Turn   | Place    | Note
--------------------------------------------------------------
     0 | D:1      | graki42 the Halfling Assassin began the quest for the Orb.
     0 | D:1      | Reached XP level 1. HP: 14/14 MP: 1/1
   238 | D:1      | Reached XP level 2. HP: 19/19 MP: 2/2
   779 | D:1      | Reached skill level 5 in Stealth
  1125 | D:2      | Reached XP level 3. HP: 24/24 MP: 3/3
  1332 | D:2      | Noticed Robin
  1347 | D:2      | HP: 1/24 [hobgoblin[Robin] (6)]
  1350 | D:2      | Hit by a goblin thrown by Robin

Vault maps used:
D:1:      saegor_arrival_under_anarchy
D:2:      gammafunk_temple_overflow_statue, nicolae_overflow_hidden_temple,
          uniq_robin

Skill      XL: |  1  2 |
---------------+-------+-----
Stealth        | 5 |  5.3
Fighting       | |  1.9
Short Blades   | |  2.8
Throwing       | |  2.5
Dodging        | |  1.2

Action                   || total
-------------------------++-------
Melee: Dagger            ||    37
 Fire: Blowgun           ||    27
 Stab: Sleeping          ||     4
  Eat: Chunk             ||     1
Armor: Robe              ||    18
Dodge: Dodged            ||    57
